General information
			
			
        
        - name: tim
 
        - type: Custom game
 
        - host: Starshaped
 
        - saver: TIMG4STRok
 
        
map: TwistedMeadows 
        - players: 2
 
        - length: 10:50
 
        - speed: Fast
 - version: 1.22 W3XP
 - replay type:  

 
» download(47 KB)
Players
        team 1 (loser) 
              
              
» 
Starshaped (
pink | 99 APM | 1070 actions | 10:49)
              
 4 Far Seer 
 2 Feral Spirit
 2 Chain Lighting
 1 Naga Sea Witch 
 1 Frost Arrows
 
                » actions 
                
                | Assign group hotkey | 20 |  | 
| Basic commands | 2 |  | 
| Build / train | 34 |  | 
| ESC pressed | 4 |  | 
| Enter build submenu | 19 |  | 
| Enter hero's abilities submenu | 5 |  | 
| Right click | 488 |  | 
| Select / deselect | 271 |  | 
| Select group hotkey | 180 |  | 
| Use ability | 47 |  | 
                1070 total
 » units 
                » upgrades
                
                | Berserker Strength | 1 |  | 
| Armor | 1 |  | 
                2 total
 » buildings
                
                | Altar of Storms | 1 |  | 
| Orc Burrow | 3 |  | 
| Barracks | 1 |  | 
| Voodoo Lounge | 1 |  | 
| Stronghold | 1 |  | 
| War Mill | 1 |  | 
| Watch Tower | 10 |  | 
                18 total
 » build order
                00:09 Altar of Storms
00:20 Orc Burrow
00:36 Barracks
01:37 Orc Burrow
02:10 Voodoo Lounge
03:06 Stronghold
03:36 Orc Burrow
03:58 War Mill
07:45 Watch Tower
07:47 Watch Tower
07:47 Watch Tower
07:57 Watch Tower
08:03 Watch Tower
08:13 Watch Tower
08:31 Watch Tower
08:44 Watch Tower
09:10 Watch Tower
09:43 Watch Tower
» items
                
                | Healing Salve | 2 |  | 
| Lesser Clarity Potion | 1 |  | 
| Scroll of Speed | 1 |  | 
                4 total
  
               team 2 (winner) 
              
              
TIMG4STRok (
gray | 171 APM | 1854 actions | 10:50)
              
 3 Demon Hunter 
 2 Mana Burn
 1 Evasion
 3 Beastmaster 
 1 Summon Quilbeast
 2 Summon Hawk
 
                » actions 
                
                | Assign group hotkey | 27 |  | 
| Basic commands | 85 |  | 
| Build / train | 46 |  | 
| ESC pressed | 1 |  | 
| Enter build submenu | 9 |  | 
| Enter hero's abilities submenu | 6 |  | 
| Right click | 975 |  | 
| Select / deselect | 211 |  | 
| Select group hotkey | 455 |  | 
| Use ability | 39 |  | 
                1854 total
 » units 
                
                | Wisp | 9 |  | 
| Archer | 14 |  | 
| Druid of the Talon | 7 |  | 
                30 total
 » upgrades
                
                | Improved Bows | 1 |  | 
| Druid of the Talon Training | 1 |  | 
                2 total
 » buildings
                
                | Altar of Elders | 1 |  | 
| Moon Well | 3 |  | 
| Ancient of War | 1 |  | 
| Tree of Ages | 1 |  | 
| Hunter's Hall | 1 |  | 
| Ancient of Wind | 1 |  | 
| Ancient Protector | 1 |  | 
| Tree of Eternity | 1 |  | 
                10 total
 » build order
                00:06 Altar of Elders
00:18 Moon Well
00:47 Ancient of War
01:46 Moon Well
02:38 Tree of Ages
03:10 Hunter's Hall
04:27 Moon Well
05:01 Ancient of Wind
07:29 Ancient Protector
09:22 Tree of Eternity
» items
                 
                Chat log
          (00:10 / All) Starshaped: hf
(00:11 / All) TIMG4STRok: g lhf
(00:28 / All) Starshaped: so
(00:29 / All) Starshaped: im orc
(00:31 / All) Starshaped: ugh :(
(00:33 / All) TIMG4STRok: damn
(00:47 / All) Starshaped: ne > orc
(00:54 / All) TIMG4STRok: yeah but im shit in both matchups
(00:57 / All) Starshaped: remmber when i was ne and u orc?
(00:58 / All) TIMG4STRok: as orc or ne
(00:59 / All) Starshaped: lol
(01:01 / All) Starshaped: same for me
(01:03 / All) Starshaped: ud/ne
(01:04 / All) Starshaped: dunno why
(10:48 / All) Starshaped: gg